 Dungeon Crawl Stone Soup version 0.30-a0-422-g946f4849ff (webtiles) character file.

Game seed: 2779122418501312278

1484 pokeman the Thaumaturge (level 8, -2/44 HPs)
             Began as a Deep Elf Hedge Wizard on Dec 9, 2022.
             Was a Follower of Vehumet.
             Slain by a two-headed ogre
             ... wielding a +0 giant club
              (18 damage)
             ... on level 5 of the Dungeon.
             The game lasted 00:13:28 (6142 turns).

pokeman the Thaumaturge (Deep Elf Hedge Wizard)     Turns: 6142, Time: 00:13:28

Health: -2/44      AC:  6    Str:  7    XL:     8   Next: 50%
Magic:  10/23      EV: 12    Int: 22    God:    Vehumet [*.....]
Gold:   235        SH:  0    Dex: 14    Spells: 11/26 levels left

rFire   . . .      SeeInvis .    k - +0 rapier (elec)
rCold   . . .      Faith    .    (no shield)
rNeg    . . .      Spirit   .    s - +0 leather armour
rPois   .          Reflect  .    c - +0 hat
rElec   .          Harm     .    (no cloak)
rCorr   .          Rampage  .    (no gloves)
Will    .....                    B - +2 pair of boots
Stlth   ++........               (no amulet)
HPRegen 0.27/turn                (no ring)
MPRegen 0.18/turn                (no ring)

@: very slightly contaminated
A: no striking features
a: Renounce Religion


You were on level 5 of the Dungeon.
You worshipped Vehumet.
Vehumet was aware of your devotion.
You visited 2 branches of the dungeon, and saw 6 of its levels.

You collected 235 gold pieces.

Inventory:

Hand Weapons
 k - a +0 rapier of electrocution (weapon)
Missiles
 r - 4 throwing nets
Armour
 c - a +0 hat (worn)
 e - a +0 kite shield
 s - a +0 leather armour (worn)
 B - a +2 pair of boots (worn)
Magical Staves
 v - a staff of death
Wands
 u - a wand of mindburst (29)
 D - a wand of light (10)
Scrolls
 b - a scroll of noise {unknown}
 f - a scroll of torment {unknown}
 g - 4 scrolls of identify {unknown}
 l - a scroll of magic mapping {unknown}
 m - 3 scrolls of enchant weapon {unknown}
 n - a scroll of poison {unknown}
 p - a scroll of enchant armour {unknown}
 q - a scroll of teleportation {unknown}
 x - a scroll of immolation {unknown}
 y - 2 scrolls of vulnerability {unknown}
 C - a scroll of brand weapon {unknown}
Potions
 a - 3 potions of mutation {unknown}
 d - a potion of magic
 h - a potion of flight {unknown}
 i - 5 potions of lignification {unknown}
 j - a potion of haste {unknown}
 o - 2 potions of curing {unknown}
 t - a potion of heal wounds {unknown}
 w - a potion of ambrosia {unknown}
 z - 2 potions of berserk rage {unknown}
 E - a potion of attraction {unknown}
Miscellaneous
 A - a box of beasts


   Skills:
 - Level 2.2 Fighting
 - Level 1.0 Armour
 - Level 3.0 Dodging
 - Level 3.0 Stealth
 + Level 2.2 Shields
 * Level 9.9 Spellcasting
 + Level 5.2 Conjurations
 + Level 2.7 Summonings
 - Level 2.0 Necromancy
 - Level 1.1 Translocations
 - Level 1.0 Air Magic
 - Level 1.1 Earth Magic
 - Level 1.1 Poison Magic
 - Level 1.1 Evocations


You had 11 spell levels left.
You knew the following spells:

 Your Spells              Type           Power      Damage    Failure   Level
a - Magic Dart            Conj           100%       1d8       1%          1
b - Mephitic Cloud        Conj/Pois/Air  21%        N/A       10%         3
c - Call Imp              Summ           23%        N/A       4%          2
d - Blink                 Tloc           30%        N/A       9%          2
e - Shock                 Conj/Air       96%        1d9       2%          1
f - Swiftness             Air            15%        N/A       17%         3
g - Stone Arrow           Conj/Erth      48%        3d10      8%          3

Your spell library contained the following spells:

 Spells                   Type           Power      Damage    Failure   Level
 Freeze                   Ice            40%        1d6       9%          1
 Sandblast                Erth           30%        2d9       5%          1
 Cigotuvi's Dreadful Rot  Necr/Pois/Air  34%        N/A       8%          2
 Slow                     Hex            40%        N/A       9%          1
 Passwall                 Tmut/Erth      10%        N/A       11%         2
 Airstrike                Air            7%         2d(2-18)  50%         4


Dungeon Overview and Level Annotations

Branches:
Dungeon (5/15)             Temple (1/1) D:5

Altars:
Ashenzari
Cheibriados
Dithmenos
Fedhas
Hepliaklqana
Makhleb
Okawaru
Qazlal
Sif Muna
Trog
Uskayaw
Vehumet
Xom
Yredelemnul
Zin
The Shining One


Message History

You miscast Mephitic Cloud.
You are very lightly contaminated with residual magic.
Nothing appears to happen.
Casting: Mephitic Cloud (dangerous; 10% risk of failure)
Confirm with . or Enter, or press ? or * to list all spells.
Aiming: Mephitic Cloud (dangerous; 10% risk of failure)
Press: ? - help, Shift-Dir - straight line, f/p - two-headed ogre
Aim: a two-headed ogre, wielding a +0 giant club and a +0 giant spiked club (chance to affect: 53%) That beam is likely to hit you.
Continue anyway?
You miscast Mephitic Cloud.
Nothing appears to happen.
The two-headed ogre barely misses you. x2
Casting: Mephitic Cloud (dangerous; 10% risk of failure)
Confirm with . or Enter, or press ? or * to list all spells.
Aiming: Mephitic Cloud (dangerous; 10% risk of failure)
Press: ? - help, Shift-Dir - straight line, f/p - two-headed ogre
Aim: a two-headed ogre, wielding a +0 giant club and a +0 giant spiked club (chance to affect: 53%) That beam is likely to hit you.
Continue anyway?
The ball explodes into a vile cloud!
The stinking cloud engulfs the two-headed ogre but does no damage.
The stinking cloud engulfs you but does no damage.
The two-headed ogre is engulfed in noxious fumes.
The two-headed ogre hits you with a +0 giant club!
The two-headed ogre hits you with a +0 giant spiked club!
Unknown command.
Unknown command.
You feel stable enough to blink again.
Casting: Mephitic Cloud (dangerous; 10% risk of failure)
Confirm with . or Enter, or press ? or * to list all spells.
Aiming: Mephitic Cloud (dangerous; 10% risk of failure)
Press: ? - help, Shift-Dir - straight line, f/p - two-headed ogre
Aim: a two-headed ogre, wielding a +0 giant club and a +0 giant spiked club (chance to affect: 53%)
The ball explodes into a vile cloud!
The stinking cloud engulfs the two-headed ogre but does no damage.
The two-headed ogre is engulfed in noxious fumes.
Unknown command.
You hit the two-headed ogre.
The two-headed ogre is lightly wounded.
The two-headed ogre is engulfed in noxious fumes.
The two-headed ogre hits you with a +0 giant club!!
You die...

###################
#.....#.....#.....#
#.....#.....#.....#
#..#).#..#○○#[.#..#
#).#..#..#°°#..#.z###+#
#.)#.....#☼O○..#!.O...#
#..#.....#.@...#....?.#
#..########################
#.........................##
#.).....................#..#
#.)#######################.#
#..#.....#.....#......# #.#
#..#.).).#.....#......# #.#
#..#.)#).#..#..#..###)# #.#
#..#..#).#..#..#..#.†.# #.#


You could see a two-headed ogre.

Vanquished Creatures
  An ice beast (D:5)
  Pargi (D:4)
  4 ogres
  2 necrophages
  2 scorpions
  A wight (D:5)
  A jelly (D:5)
  A gnoll bouda (D:5)
  A hound (D:5)
  4 iguanas
  3 orc wizards
  Natasha (thrice) (D:2)
  A hound skeleton (D:2)
  9 gnolls
  11 adders
  A shadow imp (D:5)
  A white imp (D:5)
  An ufetubus (D:4)
  A worm (D:4)
  6 dart slugs
  15 orcs
  3 bat skeletons (D:2)
  6 endoplasms
  A giant cockroach (D:4)
  9 goblins
  3 hobgoblins
  9 jackals
  4 quokkas
  5 ball pythons
  A ball python zombie (D:2)
  5 bats
  3 frilled lizards
  4 kobolds
  6 rats
129 creatures vanquished.

Vanquished Creatures (others)
  21 plants (D:2)
  3 withered plants (D:2)
24 creatures vanquished.

Grand Total: 153 creatures vanquished

Notes
Turn   | Place    | Note
-------+----------+-------------------------------------------
     0 | D:1      | pokeman the Deep Elf Hedge Wizard began the quest for the
                  | Orb.
     0 | D:1      | Reached XP level 1. HP: 10/10 MP: 7/7
   382 | D:1      | Reached XP level 2. HP: 8/16 MP: 5/9
  1070 | D:1      | Reached skill level 5 in Spellcasting
  1284 | D:1      | Reached XP level 3. HP: 20/20 MP: 7/11
  1288 | D:1      | Learned a level 3 spell: Mephitic Cloud
  1291 | D:1      | Learned a level 2 spell: Call Imp
  1294 | D:1      | Learned a level 2 spell: Blink
  1296 | D:1      | Learned a level 1 spell: Shock
  1324 | D:1      | Learned a level 3 spell: Swiftness
  1630 | D:2      | Reached skill level 1 in Armour
  1636 | D:2      | Reached skill level 1 in Fighting
  1785 | D:2      | Reached XP level 4. HP: 25/25 MP: 1/13
  1878 | D:2      | Found a faded altar of an unknown god.
  1963 | D:2      | Noticed Natasha
  1971 | D:2      | Killed Natasha
  2195 | D:2      | Noticed Natasha
  2206 | D:2      | Killed Natasha
  2207 | D:2      | Reached skill level 6 in Spellcasting
  2229 | D:2      | Noticed Natasha
  2337 | D:2      | Killed Natasha
  2338 | D:2      | Reached XP level 5. HP: 29/29 MP: 9/15
  2909 | D:3      | Reached skill level 1 in Air Magic
  2909 | D:3      | Reached skill level 1 in Poison Magic
  3302 | D:3      | Reached XP level 6. HP: 34/34 MP: 12/17
  3759 | D:4      | Reached skill level 7 in Spellcasting
  3763 | D:4      | Reached skill level 1 in Necromancy
  3763 | D:4      | Reached skill level 1 in Evocations
  3784 | D:4      | HP: 1/35 [poisoned by a scorpion]
  4006 | D:4      | Reached XP level 7. HP: 33/40 MP: 6/20
  4135 | D:4      | Noticed Pargi
  4147 | D:4      | Killed Pargi
  4148 | D:4      | Reached skill level 8 in Spellcasting
  4297 | D:4      | Found a shadowy altar of Dithmenos.
  4536 | D:4      | Found an iron altar of Okawaru.
  4822 | D:5      | Entered Level 5 of the Dungeon
  4986 | D:5      | Found a staircase to the Ecumenical Temple.
  4997 | D:5      | Learned a level 3 spell: Stone Arrow
  5002 | Temple   | Entered the Ecumenical Temple
  5070 | Temple   | Became a worshipper of Vehumet
  5527 | D:5      | Reached skill level 1 in Shields
  5588 | D:5      | Reached skill level 1 in Earth Magic
  5641 | D:5      | Reached skill level 9 in Spellcasting
  5641 | D:5      | Reached XP level 8. HP: 43/44 MP: 14/23
  5819 | D:5      | Reached * piety under Vehumet
  5819 | D:5      | Offered knowledge of Freeze by Vehumet.
  5824 | D:5      | Reached skill level 5 in Conjurations
  5936 | D:5      | Noticed a two-headed ogre
  6142 | D:5      | Slain by a two-headed ogre

Illustrated notes

Levels and vault maps discovered:
D:1:      roderic_dead_forest, layout_basic
D:2:      layout_rooms, ebering_ecumenical_altar_rust, serial_undead,
          serial_undead_f, serial_undead_d, serial_undead_b, serial_undead_a,
          nicolae_grassy_gnolls, uniq_natasha
D:3:      layout_rooms
D:4:      layout_basic, okawaru_metal_pillars_1_2, grunt_dithmenos_smoke,
          corexii_corridor_pit, minmay_checkerbox, uniq_pargi
D:5:      kennysheep_windowed_halls, layout_basic, minmay_temple_entry_grid
Temple:   eino_temple_water

Skill      XL: |  1  2  3  4  5  6  7  8 |
---------------+-------------------------+-----
Spellcasting   | 5 6 7 9 |  9.9
Armour         | 1 |  1.0
Fighting       | 1 2 |  2.2
Conjurations   | 2 3 4 5 |  5.2
Dodging        | 3 |  3.0
Stealth        | 3 |  3.0
Air Magic      | 1 |  1.0
Poison Magic   | 1 |  1.1
Necromancy     | 1 2 |  2.0
Evocations     | 1 |  1.1
Shields        | 1 2 |  2.2
Earth Magic    | 1 |  1.1
Summonings     | 2 |  2.7
Translocations | |  1.1

Action                   |  1- 3 |  4- 6 |  7- 9 || total
-------------------------+-------+-------+-------++-------
Melee: Dagger            |    24 |       |       ||    24
       Rapier            |       |    17 |    31 ||    48
       Punch             |       |       |     1 ||     1
 Cast: Magic Dart        |    50 |    59 |     7 ||   116
       Shock             |    37 |    99 |    89 ||   225
       Mephitic Cloud    |       |     3 |    11 ||    14
       Call Imp          |       |     2 |       ||     2
       Stone Arrow       |       |       |    11 ||    11
       Blink             |       |       |     1 ||     1
 Stab: Confused          |       |     1 |     6 ||     7
Armor: Robe              |    10 |     6 |       ||    16
       Leather armour    |       |     5 |    18 ||    23
Dodge: Dodged            |    28 |    46 |    28 ||   102

Table legend: (Time is in decaauts)
 A = Elapsed time spent in this place.
 B = Non-inter-level travel time spent in this place.
 C = Inter-level travel time spent in this place.
 D = Time resting spent in this place.
 E = Time spent auto-exploring this place.
 F = Levels seen in this place.
 G = Mean time per level.
                   A        B        C        D        E       F      G
               +--------+--------+--------+--------+--------+-----+--------+
         Total |   6159 |   6036 |    123 |    557 |   4481 |   6 | 1026.5 |
       Dungeon |   6071 |   5966 |    105 |    557 |   4432 |   5 | 1214.2 |
        Temple |     87 |     69 |     18 |      0 |     49 |   1 |   87.0 |
               +--------+--------+--------+--------+--------+-----+--------+

Top non-repeatable levels by time:
     D:1: 1539 daAuts
     D:2: 1355 daAuts
     D:4: 1286 daAuts
     D:5: 1238 daAuts
     D:3: 652 daAuts
  Temple: 87 daAuts
